 Dungeon Crawl Stone Soup version 0.28-a0-503-g83f2989fac (webtiles) character file.

Game seed: 13881006221277554487

31 spiderkeys the Skirmisher (level 3, -15/35 HPs)
             Began as a Gnoll Abyssal Knight on Sept 20, 2021.
             Was a Follower of Lugonu.
             Demolished by a large abomination (26 damage)
             ... on level 2 of the Abyss.
             The game lasted 00:01:15 (150 turns).

spiderkeys the Skirmisher (Gnoll Abyssal Knight)     Turns: 150, Time: 00:01:16

Health: -15/35     AC:  3    Str: 12      XL:     3   Next: 22%
Magic:  6/6        EV: 12    Int:  8      God:    Lugonu [*.....]
Gold:   12         SH:  0    Dex: 11 (12) Spells: 3/3 levels left

rFire   . . .      SeeInvis .   a - +1 spear
rCold   . . .      Faith    .   (no shield)
rNeg    . . .      Spirit   .   b - +0 leather armour
rPois   .          Reflect  .   (no helmet)
rElec   .          Harm     .   (no cloak)
rCorr   .          Rampage  .   (no gloves)
Will    .....                   (no boots)
Stlth   +.........              (no amulet)
HPRegen 0.00/turn               (no ring)
MPRegen 0.10/turn               (no ring)

@: mighty, diseased
A: fangs 1, strong nose, distributed training, dopey 1
a: Renounce Religion, Depart the Abyss


You were on level 2 of the Abyss.
You worshipped Lugonu.
Lugonu was aware of your devotion.
You visited 0 branches of the dungeon, and saw 0 of its levels.
You visited the Abyss 1 time.

You collected 12 gold pieces.


Innate Abilities, Weirdness & Mutations

You have very sharp teeth.
Your uncanny sense of smell can sniff out nearby items.
Your experience applies equally to all skills.
You are dopey. (Int -2)


   Skills:
 + Level 6.5 Fighting
 + Level 0.7 Short Blades
 + Level 0.7 Long Blades
 + Level 0.7 Axes
 + Level 0.7 Maces & Flails
 + Level 4.5 Polearms
 + Level 0.7 Staves
 + Level 0.7 Slings
 + Level 0.7 Bows
 + Level 0.7 Crossbows
 + Level 0.7 Throwing
 + Level 4.5 Armour
 + Level 2.6 Dodging
 + Level 0.7 Stealth
 + Level 0.7 Shields
 + Level 0.7 Unarmed Combat
 + Level 0.7 Spellcasting
 + Level 0.5 Conjurations
 + Level 0.5 Hexes
 + Level 0.5 Summonings
 + Level 0.5 Necromancy
 + Level 0.5 Translocations
 + Level 0.5 Transmutations
 + Level 0.5 Fire Magic
 + Level 0.5 Ice Magic
 + Level 0.5 Air Magic
 + Level 0.5 Earth Magic
 + Level 0.5 Poison Magic
 + Level 4.5 Invocations
 + Level 0.7 Evocations


You had 3 spell levels left.
You didn't know any spells.
Your spell library contained the following spells:

 Spells                   Type           Power      Damage    Failure   Level
 Passwall                 Tmut/Erth      0%         N/A       54%         2
 Swiftness                Air            1%         N/A       77%         3
 Fulminant Prism          Conj/Hex       0%         3d6       99%         4
 Iskenderun's Mystic Bla  Conj/Tloc      1%         2d3       99%         4
 Lee's Rapid Deconstruct  Erth           0%         3d5*      100%        5
 Invisibility             Hex            0%         N/A       100%        6

Inventory:

Hand Weapons
 a - a +1 spear (weapon)
Missiles
 e - 7 curare-tipped darts {=f}
Armour
 b - a +0 leather armour (worn)
Potions
 d - a potion of might

Dungeon Overview and Level Annotations

Branches:
Dungeon (0/15)

Altars:

.. . ... ### .## .
#..# ..# .. # #...
##.. #. # #.#x###
##. # .#.
#.#X5###.#.#####.#.
#.@#.....x5##.##.#
#...#...#..##..5#..
#
#.#..#.#..x.##.#/##
. ..
##########..####.#.
## ##..#....#
#....(#ยง #.#.#..
## .# .3.. #. ##
###.##.#


You could see an ancient zyme, a large abomination and an ufetubus (summoned).


Message History

You add the spells Fulminant Prism, Iskenderun's Mystic Blast and Lee's Rapid Deconstruction to your library.
You see here a +0 plate armour.
A quasit comes into view.
The quasit gives a chilling moan.
You hear a bellow!
You see here 7 curare-tipped darts {=f}.
e - 7 curare-tipped darts {=f} You see here a scroll labelled LEOGEI VIAHUU.
As you read the scroll labelled LEOGEI VIAHUU, it crumbles to dust.
You hear a loud clanging noise!
It was a scroll of noise.
You hear a shout!
You hear a roar!
As you read the scroll labelled WEADDE RAEXIO, it crumbles to dust.
It is a scroll of identify.
d - 2 potions of might You feel very mighty all of a sudden.
The quasit bites you.
You feel clumsy. The quasit misses you. The quasit barely misses you.
The quasit bites you. The quasit barely misses you.
The quasit claws you but does no damage.
A smoke demon comes into view. ๐Ÿ˜• HP[-2]
You take 2 damage, and now have 21/23 hp.
You barely miss the quasit. You bite the quasit. The quasit closely misses you.
The quasit claws you but does no damage.
The quasit claws you. ๐Ÿ˜• HP[-2]
You take 2 damage, and now have 19/23 hp.
You hit the quasit.
A ynoxinul comes into view.
The quasit barely misses you. The quasit misses you. The quasit claws you.
You feel clumsy. ๐Ÿ˜ฎ HP[-2]
You take 2 damage, and now have 17/23 hp.
You puncture the quasit!
You kill the quasit!
You feel your dexterity returning.
You have reached level 2!
You have reached level 3!
Your experience leads to an increase in your attributes!
Your base attributes are Str 12, Int 9, Dex 12.
Increase (S)trength, (I)ntelligence, or (D)exterity?
You feel clever. ๐Ÿ˜ฎ HP[+9] MP[+3]
You now have 35 max hp (+12).
You regained 9 hp, and now have 26/35 hp.
Your mp is fully restored (6).
The substance of the Abyss twists violently, and a gateway leading out appears!
There is a gateway leading out of the Abyss here.
An iron imp comes into view.
The iron imp shouts!
The iron imp hits you. ๐Ÿ˜ฎ HP[-5]
You take 5 damage, and now have 21/35 hp.
Unknown command.
You closely miss the iron imp. The iron imp barely misses you.
A neqoxec comes into view.
You hit the iron imp but do no damage. The neqoxec gestures at you.
Strange energies course through your body.
You feel stupid. The iron imp closely misses you.
A small abomination comes into view.
The ynoxinul gestures.
The small abomination misses you.
The ynoxinul gestures.
The ufetubus barely misses you. The ufetubus misses you. ๐Ÿ˜ฎ HP[+1]
A large abomination comes into view.
The ufetubus closely misses you. The ufetubus barely misses you.
The ufetubus hits you. x2
* * * LOW HITPOINT WARNING * * *
๐Ÿ˜จ HP[-5]
You take 5 damage, and now have 17/35 hp.
The ufetubus hits you.
* * * LOW HITPOINT WARNING * * *
The ufetubus hits you.
* * * LOW HITPOINT WARNING * * *
๐Ÿ˜จ HP[-5]
You take 5 damage, and now have 12/35 hp.
The ufetubus closely misses you. x2 ๐Ÿ˜จ HP[+1]
The ufetubus disappears in a puff of smoke!
The ufetubus barely misses you. x2
The ufetubus disappears in a puff of smoke!
The ynoxinul gestures.
You see here a wand of flame (16). ๐Ÿ˜จ HP[+1]
An ancient zyme comes into view.
You feel yourself growing ill in the presence of the ancient zyme.
An ancient zyme comes into view.
You feel ill. ๐Ÿ˜จ HP[+1]
The ancient zyme completely misses you. The ancient zyme hits you.
* * * LOW HITPOINT WARNING * * *
๐Ÿ˜จ HP[-4]
You take 4 damage, and now have 11/35 hp.
The large abomination hits you!!
Ouch! That really hurt!
You die...

Action                   || total
-------------------------++-------
Melee: Spear             ||     5
       Bite              ||     1
  Use: Scroll            ||     2
       Potion            ||     1
Armor: Leather armour    ||     2
Dodge: Dodged            ||    18

Levels and vault maps discovered:
Abyss:2:  base: Temple, serial_sigils_hangedman_shear,
          guppyfry_abyss_exit_spiral_guarded, eino_small_chamber_without_monster

Notes
Turn   | Place    | Note
-------+----------+-------------------------------------------
     0 | Abyss:1  | spiderkeys the Gnoll Abyssal Knight began the quest for the
                  | Orb.
     0 | Abyss:1  | Reached XP level 1. HP: 23/23 MP: 3/3
     0 | Abyss:1  | magus.rc [v1.9.10]
    26 | Abyss:1  | Found a snail-covered altar of Cheibriados.
    50 | Abyss:1  | You pick up a book of Burglary and begin reading...
    50 | Abyss:1  | You add the spells Passwall, Swiftness and Invisibility to
                  | your library.
    51 | Abyss:1  | Noticed a neqoxec
    80 | Abyss:2  | You pick up a book of Blasting and begin reading...
    80 | Abyss:2  | You add the spells Fulminant Prism, Iskenderun's Mystic
                  | Blast and Lee's Rapid Deconstruction to your library.
    96 | Abyss:2  | Noticed a quasit
   102 | Abyss:2  | Noticed a smoke demon
   104 | Abyss:2  | Noticed a ynoxinul
   105 | Abyss:2  | Killed a quasit
   106 | Abyss:2  | Reached XP level 2. HP: 21/29 MP: 5/5
   106 | Abyss:2  | Reached XP level 3. HP: 26/35 MP: 6/6
   112 | Abyss:2  | Noticed a neqoxec
   113 | Abyss:2  | Gained mutation: You are dopey. (Int -2) [a neqoxec]
   122 | Abyss:2  | Noticed a large abomination
   144 | Abyss:2  | Noticed an ancient zyme
   147 | Abyss:2  | Noticed an ancient zyme
   150 | Abyss:2  | Demolished by a large abomination

Vanquished Creatures
  A quasit (Abyss:2)
1 creature vanquished.

Table legend:
 A = Non-vault XP
 B = Vault XP
 C = Vault XP percentage of total XP
 D = Non-vault monster count
 E = Vault monster count
 F = Vault count percentage of total count
                 A         B        C        D         E       F
            +---------+---------+-------+---------+---------+-------
      Total |      45 |       0 |   0.0 |       1 |       0 |   0.0
            +---------+---------+-------+---------+---------+-------
    Abyss:2 |      45 |       0 |   0.0 |       1 |       0 |   0.0
            +---------+---------+-------+---------+---------+-------

Illustrated notes

Table legend:
 A = Kills in this place as a percentage of kills in entire the game.
 B = Kills by you in this place as a percentage of kills by you in the entire game.
 C = Kills by friends in this place as a percentage of kills by friends in the entire game.
 D = Other kills in this place as a percentage of other kills in the entire game.
 E = Experience gained in this place as a percentage of experience gained in the entire game.
 F = Experience gained in this place divided by the number of levels of this place that you have seen.
                   A       B       C       D       E      F
               +-------+-------+-------+-------+-------+----------------------
         Total | 100.0 | 100.0 |   N/A |   N/A | 100.0 |  22.5
         Abyss | 100.0 | 100.0 |   N/A |   N/A | 100.0 |  22.5
               +-------+-------+-------+-------+-------+----------------------

Table legend: (Time is in decaauts)
 A = Elapsed time spent in this place.
 B = Non-inter-level travel time spent in this place.
 C = Inter-level travel time spent in this place.
 D = Time resting spent in this place.
 E = Time spent auto-exploring this place.
 F = Levels seen in this place.
 G = Mean time per level.
                   A        B        C        D        E       F      G
               +--------+--------+--------+--------+--------+-----+--------+
         Total |    149 |    149 |      0 |      0 |      8 |   2 |   74.5 |
         Abyss |    149 |    149 |      0 |      0 |      8 |   2 |   74.5 |
               +--------+--------+--------+--------+--------+-----+--------+

Top non-repeatable levels by time:
 Abyss:2: 84 daAuts
 Abyss:1: 65 daAuts
